 Dungeon Crawl Stone Soup version 0.29-a0-577-gafbf2c5d25 (webtiles) character file.

Game seed: 6805203248977688473

12 shoop the Insei (level 2, 0/34 HPs)
             Began as a Meteoran Transmuter on June 13, 2022.
             Was an Initiate of Ashenzari.
             Succumbed to an adder's poison
             ... on level 2 of the Dungeon.
             The game lasted 00:01:59 (201 turns).

shoop the Insei (Meteoran Transmuter)                Turns: 201, Time: 00:02:00

Health: 0/34       AC: 21    Str: 11    XL:     2   Next: 64%
Magic:  15/15      EV:  2    Int: 16    God:    Ashenzari [......]
Gold:   16         SH:  0    Dex: 14    Spells: 5/6 levels left

rFire   . . .      SeeInvis .     - Unarmed
rCold   . . .      Faith    .   (no shield)
rNeg    . . .      Spirit   .   (body armour currently unavailable)
rPois   +          Reflect  .   (helmet currently unavailable)
rElec   .          Harm     .   (cloak currently unavailable)
rCorr   .          Rampage  .   (gloves currently unavailable)
Will    .....      NoTele   +   (boots currently unavailable)
Stlth   +.........              (no amulet)
HPRegen 0.11/turn               f - ring of magical power
MPRegen 0.14/turn               (no ring)

@: lethally poisoned (0 -> -6), tree-form, glowing
A: stationary, stasis, torment immunity, boosted hp, sense surroundings 1,
otherworldly, glowing, explore regen, clever 1
a: Renounce Religion, Shatter the Chains


You were on level 2 of the Dungeon.
You worshipped Ashenzari.
Ashenzari was noncommittal.
You were a tree.
You visited 1 branch of the dungeon, and saw 2 of its levels.

You collected 16 gold pieces.

Inventory:

Armour
 a - the cursed +0 robe of the Profound Adversity (melded) {Bglg, Melee}

   It has a curse which improves the following skills: Beguiling: Conjurations,
   Hexes and Translocations.
   Melee Combat: Short Blades, Long Blades, Axes, Maces & Flails, Polearms,
   Staves and Unarmed Combat.
Jewellery
 f - a ring of magical power (left branch)
Scrolls
 c - a scroll of blinking {unknown}
 e - a scroll of identify {unknown}
Potions
 g - a potion of degeneration {unknown}


   Skills:
 - Level 1.1 Fighting
 - Level 2.4 Dodging
 + Level 4.5 Unarmed Combat
 - Level 2.6 Spellcasting
 - Level 2.4 Transmutations


You had 5 spell levels left.
You knew the following spells:

 Your Spells              Type           Power      Damage    Failure   Level
a - Beastly Appendage     Tmut           18%        N/A       7%          1

Your spell library contained the following spells:

 Spells                   Type           Power      Damage    Failure   Level
 Wereblood                Tmut           9%         N/A       11%         2
 Spider Form              Tmut/Pois      6%         N/A       34%         3
 Ice Form                 Ice/Tmut       6%         N/A       75%         4


Dungeon Overview and Level Annotations

Branches:
Dungeon (2/15)

Altars:
Ashenzari
Yredelemnul


Innate Abilities, Weirdness & Mutations

You are a tree.
Your roots penetrate the ground, keeping you stationary.
You cannot be teleported.
You are immune to unholy pain and torment.
Your maximum health is greatly increased.
Your equipment is partially melded.
You passively map a small area around you.
You are easily found by Zot.
You glow in the dark.
You regain HP and MP as you explore.
Your mind is acute. (Int +2)


Message History

You are poisoned.
The adder poisons you!
You barely miss the adder. Your kick misses the adder.
You feel sick. The adder bites you but does no damage.
You hit the adder. You headbutt the adder.
The adder is severely wounded.
You feel sick. The adder bites you. The adder closely misses you.
Okay, then.
You miss the adder.
The adder is severely wounded.
You feel sick. The adder barely misses you.
You hit the adder. Your headbutt misses the adder.
The adder is severely wounded.
You feel sick. The adder bites you.
* * * LOW HITPOINT WARNING * * *
It was a potion of mutation.
You feel extremely strange.
You feel clever.
Your transformation is almost over.
You feel sick. The adder barely misses you.
You hit the adder. Your kick misses the adder.
The adder is almost dead.
You feel sick. The adder misses you. The adder bites you but does no damage.
You closely miss the adder. Your headbutt misses the adder.
The adder is almost dead.
You feel sick.
You are no longer poisoned.
The adder bites you.
* * * LOW HITPOINT WARNING * * *
You are lethally poisoned!
The adder poisons you!
Really quaff the potion of lignification?
Your horns disappear.
Your talons disappear.
You turn into a tree.
The cursed +0 robe of the Profound Adversity {Bglg, Melee} melds into your body.
Your roots penetrate the ground.
* * * LOW HITPOINT WARNING * * *
You feel sick. The adder bites you but does no damage.
You hit the adder.
You kill the adder!
You die...

#........# ,
#........#* ,
#........# ,
#...†....# ,
#..(>....+ ,
#........# $..
#.l......##...
##†#.........
#♣#.#.....# *
#.#.#...(.####
#.#.#.........
#.#.#.........
#.#.#<........ *
###.#.#.........
#...# +.........
#...###.........
#...'...........


You could see a frilled lizard.

Vanquished Creatures
  An adder (D:2)
  A dart slug (D:2)
  An endoplasm (D:1)
  A goblin (D:1)
  3 hobgoblins
  A bat (D:1)
  A frilled lizard (D:2)
  A kobold (D:1)
  A rat (D:1)
11 creatures vanquished.

Notes
Turn   | Place    | Note
-------+----------+-------------------------------------------
     0 | D:1      | shoop the Meteoran Transmuter began the quest for the Orb.
     0 | D:1      | Reached XP level 1. HP: 16/16 MP: 5/5
    82 | D:1      | Reached skill level 4 in Unarmed Combat
    82 | D:1      | Reached XP level 2. HP: 13/23 MP: 6/6
    92 | D:1      | Found a faded altar of an unknown god.
    96 | D:1      | Prayed at the altar of an unknown god.
    96 | D:1      | Became a worshipper of Ashenzari the Shackled
   176 | D:2      | Found a basalt altar of Yredelemnul.
   197 | D:2      | Gained mutation: Your mind is acute. (Int +2) [potion of
                  | mutation]
   200 | D:2      | HP: 1/34 [poisoned by an adder]
   201 | D:2      | Succumbed to an adder's poison

Illustrated notes

Levels and vault maps discovered:
D:1:      dpeg_arrival_tiny_a, layout_rooms, ebering_ecumenical_altar_rust
D:2:      layout_basic, basic_altar

Skill      XL: |  1 |
---------------+----+-----
Unarmed Combat | 4 |  4.5
Fighting       | |  1.1
Dodging        | |  2.4
Spellcasting   | |  2.6
Transmutations | |  2.4

Action                   || total
-------------------------++-------
Melee: Unarmed           ||    29
       Kick              ||     6
       Headbutt          ||     5
 Cast: Beastly Appendage ||     5
Invok: Curse Item        ||     1
  Use: Potion            ||     2
Armor: Robe              ||     8
       Skin              ||     1
Dodge: Dodged            ||    11

Table legend: (Time is in decaauts)
 A = Elapsed time spent in this place.
 B = Non-inter-level travel time spent in this place.
 C = Inter-level travel time spent in this place.
 D = Time resting spent in this place.
 E = Time spent auto-exploring this place.
 F = Levels seen in this place.
 G = Mean time per level.
                   A        B        C        D        E       F      G
               +--------+--------+--------+--------+--------+-----+--------+
         Total |    197 |    197 |      0 |      0 |      0 |   2 |   98.5 |
       Dungeon |    197 |    197 |      0 |      0 |      0 |   2 |   98.5 |
               +--------+--------+--------+--------+--------+-----+--------+

Top non-repeatable levels by time:
     D:1: 133 daAuts
     D:2: 64 daAuts
